 Seeded DCSS version 0.31-a0-1612-g4aaf141004 (webtiles) character file.

Game seed: 560841995258110699 (custom seed)

2 Esekla the Grave Robber (level 1, -5/19 HPs)
             Began as a Formicid Necromancer on Jan 9, 2024.
             Slain by a wyvern (8 damage)
             ... on level 7 of the Dungeon.
             The game lasted 00:05:05 (372 turns).

Esekla the Grave Robber (Formicid Necromancer)       Turns: 372, Time: 00:05:05

Health: -5/19      AC: 27    Str: 12    XL:     1   Next: 33%
Magic:  3/3        EV:  2    Int: 14    God:
Gold:   39         SH:  0    Dex: 14    Spells: 3/4 levels left

rFire   . . .        j - +1 flail (protect)
rCold   . . .        (no shield)
rNeg    . . .        a - melded +0 robe
rPois   +            (helmet unavailable)
rElec   .            (cloak currently unavailable)
rCorr   +            (gloves currently unavailable)
SInv    .            (boots currently unavailable)
Will    .....        (no amulet)
Stlth   ++           h - ring of resist corrosion
HPRegen 0.23/turn    (no ring)
MPRegen 0.08/turn

%: no passive effects
@: tree-form, under a protective aura
A: stationary, stasis, torment immunity, boosted hp, permanent stasis, dig
shafts and tunnels, (antennae 3), four strong arms
a: no special abilities


You were on level 7 of the Dungeon.
You were a tree.
You visited 1 branch of the dungeon, and saw 5 of its levels.

You collected 39 gold pieces.

Inventory:

Hand Weapons
 f - a +0 hand axe
 j - a +1 flail of protection (weapon)
Armour
 a - a +0 robe (melded)
Jewellery
 h - a ring of resist corrosion (left branch)
Scrolls
 e - a scroll of vulnerability {unknown}
 g - a scroll of identify {unknown}
 i - a scroll of amnesia {unknown}
Potions
 b - a potion of magic
 d - 2 potions of experience {unknown}
 k - a potion of curing {unknown}


   Skills:
 * Level 0.7 Armour
 + Level 1.7 Dodging
 + Level 2.4 Stealth
 * Level 2.1 Spellcasting
 + Level 4.0 Necromancy


You had 3 spell levels left.
You knew the following spells:

 Your Spells              Type           Power      Damage    Failure   Level
a - Necrotise             Necr           48%        1d6       4%          1

Your spell library contained the following spells:

 Spells                   Type           Power      Damage    Failure   Level
 Vampiric Draining        Necr           12%        2d6       14%         3
 Hailstorm                Conj/Ice       1%         3d5       56%         3
 Summon Ice Beast         Ice/Summ       1%         N/A       56%         3
 Animate Dead             Necr           12%        N/A       41%         4
 Curse of Agony           Necr           12%        N/A       77%         5
 Sculpt Simulacrum        Ice/Alch       0%         N/A       100%        6


Dungeon Overview and Level Annotations

Branches:
Dungeon (7/15)             Temple (0/1) D:7

Altars:

Shops:
D:6 *


Innate Abilities, Weirdness & Mutations

You are a tree.
Your roots penetrate the ground, keeping you stationary.
You cannot be teleported.
You are immune to unholy pain and torment.
Your maximum health is greatly increased.
Your equipment is partially melded.
You cannot be hasted, slowed, berserked, paralysed or teleported.
You can dig through walls and to a lower floor.
((You have a pair of large antennae on your head. (SInv)))
Your four strong arms can wield two-handed weapons with a shield.


Message History

You can access your shopping list by pressing '$'.
You now have 39 gold pieces (gained 19).
k - a bubbling clear potion
Found a staircase to the Ecumenical Temple. 2 orcs come into view.
The orc shouts!
An orc comes into view. It is wielding a +0 dagger.
A wyvern comes into view.
Found a stone staircase leading down.
The orc shouts!
The wyvern hisses angrily.
An ogre comes into view. It is wielding a +0 giant spiked club.
The ogre shouts!
The orc hits you with a +0 mace.
It was a potion of lignification.
You turn into a tree.
Your +0 robe melds into your body.
Your roots penetrate the ground.
The orc shouts!
The wyvern barely misses you. The orc hits you but does no damage.
You hit the wyvern but do no damage.
Your weapon exudes an aura of protection.
The wyvern bites you but does no damage.
The orc hits the bush but does no damage.
The wyvern bites you but does no damage.
The orc hits you but does no damage.
You thump the orc!
You kill the orc!
The wyvern bites you but does no damage. x2
The orc hits you but does no damage.
The ogre hits the bush with a +0 giant spiked club!!
The wyvern bites you.
* * * LOW HITPOINT WARNING * * *
You closely miss the wyvern. The wyvern bites you.
* * * LOW HITPOINT WARNING * * *
The orc hits you but does no damage. x2
The ogre hits the bush but does no damage.
The wyvern completely misses you.
You closely miss the wyvern.
The wyvern bites you but does no damage.
The orc barely misses you. The orc hits you but does no damage.
The wyvern bites you!
You die...

###......#
........#
#.......#
##.......####
>..........#
#..OP.P...#
#..koo....#
#...♣.....#
##...P....#
..#.........#
.............##
..#...........#
........#.<...#
..............#
#.............#
##............#


You could see a wyvern, an ogre and 2 orcs.

Vanquished Creatures
  An orc (D:7)
1 creature vanquished.

Notes
Turn   | Place    | Note
-------+----------+-------------------------------------------
     0 | D:1      | Esekla the Formicid Necromancer began the quest for the
                  | Orb.
     0 | D:1      | Reached XP level 1. HP: 13/13 MP: 3/3
    40 | D:1      | You fall into a shaft and drop 1 floor!
    98 | D:2      | You fall into a shaft and drop 2 floors!
   139 | D:4      | You fall into a shaft and drop 2 floors!
   139 | D:6      | Found Bisonib's Assorted Antiques.
   281 | D:6      | Noticed a sleepcap
   319 | D:6      | Noticed a black bear
   351 | D:6      | You fall into a shaft and drop 1 floor!
   361 | D:7      | Found a staircase to the Ecumenical Temple.
   365 | D:7      | Noticed a wyvern
   366 | D:7      | Noticed an ogre
   372 | D:7      | Slain by a wyvern

Illustrated notes

Levels and vault maps discovered:
D:1:      ncdulo_smallfort, layout_loops_cross
D:2:      layout_loops_cross, ebering_ecumenical_altar_sacrificial
D:4:      layout_loops_ring
D:6:      layout_layer_cave, grunt_gozag_statues, serial_shops, shop,
          uniq_crazy_yiuf_cottage
D:7:      layout_rooms, minmay_temple_entry_overgrown

Action                     || total
---------------------------++-------
  Melee: Flail             ||     4
Ability: Shaft Self        ||     4
    Use: Potion            ||     1
 Armour: Skin              ||    14
         Robe              ||     1
  Dodge: Dodged            ||     3

Table legend: (Time is in decaauts)
 A = Elapsed time spent in this place.
 B = Non-inter-level travel time spent in this place.
 C = Inter-level travel time spent in this place.
 D = Time resting spent in this place.
 E = Time spent auto-exploring this place.
 F = Levels seen in this place.
 G = Mean time per level.
                   A        B        C        D        E       F      G
               +--------+--------+--------+--------+--------+-----+--------+
         Total |    371 |    371 |      0 |      0 |      0 |   5 |   74.2 |
       Dungeon |    371 |    371 |      0 |      0 |      0 |   5 |   74.2 |
               +--------+--------+--------+--------+--------+-----+--------+

Top non-repeatable levels by time:
     D:6: 211 daAuts
     D:2: 57 daAuts
     D:4: 40 daAuts
     D:1: 40 daAuts
     D:7: 21 daAuts
